 Dungeon Crawl Stone Soup version 0.20-a0-1116-gaa52201 (webtiles) character file.

186 Chaotic the Shield-Bearer (level 5, -1/33 HPs)
             Began as a Gargoyle Fighter on May 8, 2017.
             Was an Initiate of the Shining One.
             Slain by an ogre
             ... wielding a +0 giant spiked club
              (12 damage)
             ... on level 4 of the Dungeon.
             The game lasted 00:05:57 (2293 turns).

Chaotic the Shield-Bearer (Gargoyle Fighter)        Turns: 2293, Time: 00:05:58

Health: -1/33      AC: 15    Str: 21    XL:     5   Next: 65%
Magic:  5/5        EV:  3    Int:  8    God:    the Shining One [......]
Gold:   232        SH: 14    Dex:  9    Spells: 4/4 levels left

rFire    . . .     SeeInvis .   a - +0 flail
rCold    + . .     Gourm    .   n - +0 large shield
rNeg     + . .     Faith    .   h - +0 chain mail
rPois    ∞         Spirit   .   o - +1 helmet
rElec    +         Reflect  .   (no cloak)
rCorr    .         Harm     .   (no gloves)
MR       .....                  (no boots)
Stlth    ..........             (no amulet)
Regen    0.2/turn               m - ring of protection from cold
MPRegen  0.1/turn               (no ring)

@: glowing
A: negative energy resistance 1, electricity resistance, unbreathing,
petrification resistance, rot immunity, AC +4
a: Renounce Religion


You were on level 4 of the Dungeon.
You worshipped the Shining One.
The Shining One was noncommittal.
You were not hungry.

You visited 1 branch of the dungeon, and saw 4 of its levels.

You collected 232 gold pieces.

Inventory:

Hand Weapons
 a - a +0 flail (weapon)
Armour
 h - a +0 chain mail (worn)
 n - a +0 large shield (worn)
 o - a +1 helmet (worn)
Jewellery
 m - a ring of protection from cold (left hand)
 p - a +2 ring of intelligence {unknown}
 w - a +3 ring of strength {unknown}
Wands
 r - a wand of disintegration (18/24)
 v - a wand of acid (8/15)
 A - a wand of digging (14/24)
Scrolls
 b - a scroll of enchant weapon {unknown}
 c - a scroll of fear {unknown}
 g - a scroll of amnesia {unknown}
 l - 2 scrolls of remove curse {unknown}
 q - a scroll of blinking {unknown}
 t - a scroll of noise {unknown}
 u - a scroll of teleportation {unknown}
 x - 2 scrolls of identify
 y - a scroll of fog {unknown}
Potions
 d - a potion of might
 e - a potion of ambrosia
 j - a potion of magic {unknown}
 k - a potion of brilliance {unknown}
 s - a potion of curing {unknown}
 z - a potion of heal wounds {unknown}
Comestibles
 f - 5 bread rations
 i - a meat ration


   Skills:
 + Level 4.1 Fighting
 + Level 3.1 Maces & Flails
 + Level 4.2 Armour
 + Level 4.9 Shields


You had 4 spell levels left.
You didn't know any spells.

Dungeon Overview and Level Annotations

Branches:
Dungeon (4/15)
 Temple: D:4-7

Altars:
Wu Jian
The Shining One


Innate Abilities, Weirdness & Mutations

You are resistant to torment.
Your stone body is resilient. (AC +4)
You are immune to poison.
You resist negative energy. (rN+)
You are resistant to electric shocks. (rElec)
You can survive without breathing.
You are immune to petrification.
You are immune to rotting.


Message History

An ogre is nearby! 2 jackals come into view.
The jackal barks!
The jackal moves out of view.
The ogre hits you with a giant spiked club.
You hit the ogre.
The ogre is lightly wounded.
You block the jackal's attack.
The ogre hits you with a giant spiked club!
You sock the ogre!
The ogre is heavily wounded.
You block the jackal's attack.
The ogre hits you with a giant spiked club.
You block the jackal's attack.
You sock the ogre!
The ogre is severely wounded.
You block the jackal's attack. x2
The jackal bites you but does no damage.
The ogre hits you with a giant spiked club!
You die...

#...# ####...####
......... .......
..... #...# #hO.#
#h@.# #...#
#######...#
#.........###
######.###.......#
#......#.........#
#.####.#.#...###>#
####.#.#.........
#...........##.###


You could see an ogre and 2 jackals.

Vanquished Creatures
  Terence (D:2)
  8 adders
  An ooze (D:1)
  A worm (D:2)
  3 dart slugs
  2 leopard geckos
  4 bats
  2 giant cockroaches
  10 goblins
  16 hobgoblins
  2 jackals (D:3)
  A quokka (D:2)
  5 frilled lizards
  8 kobolds
  12 rats
76 creatures vanquished.

Notes
Turn   | Place    | Note
-------+----------+-------------------------------------------
     0 | D:1      | Chaotic the Gargoyle Fighter began the quest for the Orb.
     0 | D:1      | Reached XP level 1. HP: 14/14 MP: 1/1
    86 | D:1      | Reached XP level 2. HP: 19/19 MP: 2/2
   251 | D:1      | Found a glowing golden altar of the Shining One.
   371 | D:1      | Reached XP level 3. HP: 23/23 MP: 3/3
   389 | D:1      | Became a worshipper of the Shining One
  1017 | D:2      | Reached XP level 4. HP: 24/29 MP: 4/4
  1204 | D:2      | Noticed Terence
  1221 | D:2      | Killed Terence
  1401 | D:2      | Reached XP level 5. HP: 33/33 MP: 5/5
  2193 | D:3      | Found an ornate altar of the Wu Jian Council.
  2287 | D:4      | Noticed an ogre
  2293 | D:4      | Slain by an ogre

Vault maps used:
D:1:      noname_arrival_rooms_in_the_neighbourhood, tso_metal_star
D:2:      first_bread, uniq_terence
D:3:      lemuel_round_altar, st_stairs_7
D:4:      lemuel_crystal_altar, hangedman_decor_lopped, uniq_robin

Skill      XL: |  1  2  3  4 |
---------------+-------------+-----
Armour         | 4 |  4.2
Fighting       | 4 |  4.1
Shields        | 4 |  4.9
Maces & Flails | 3 |  3.1

Action                   |  1- 3 |  4- 6 || total
-------------------------+-------+-------++-------
Melee: Flail             |   171 |   160 ||   331
  Use: Scroll            |     2 |     2 ||     4
  Eat: Chunk             |       |     4 ||     4
       Fruit             |       |     5 ||     5
Armor: Scale mail        |    34 |       ||    34
       Chain mail        |    59 |    68 ||   127
Dodge: Dodged            |    23 |    12 ||    35
Block: Shield            |    28 |       ||    28
       Large shield      |   107 |   136 ||   243
